Map: Daybreak LE

Players

Zest

  • Race: Protoss Protoss
  • Spawn Location: 7:00

Trust - Winner!

  • Race: Protoss Protoss
  • Spawn Location: 1:00

Event: IEM Season 11 - Gyeonggi

VOD

Have the link to the VOD?

Description

Time

  • Played on: Dec. 13, 2016, 11:31 p.m.
  • Length: 11:15

All games in this series

Show
View Real Time Build Order
Export as new Build Order

Zest Protoss 

Build Orders:  

Get SALT Encoding   

  12  0:00  Probe (Chrono Boost)  
  13  0:11  Probe (Chrono Boost)  
  14  0:17  Pylon  
  14  0:22  Probe (Chrono Boost)  
  15  0:36  Gateway, Probe (Chrono Boost)  
  16  0:42  Assimilator  
  16  0:46  Probe (Chrono Boost)  
  18  0:57  Assimilator, Probe (Chrono Boost)  
  18  1:03  Gateway  
  18  1:07  Probe (Chrono Boost)  
  19  1:18  Probe (Chrono Boost)  
  20  1:23  Cybernetics Core  
  20  1:28  Probe (Chrono Boost)  
  21  1:34  Pylon  
  21  1:39  Probe (Chrono Boost)  
  22  1:49  Probe (Chrono Boost)  
  23  2:00  Mothership Core (Chrono Boost), Adept x2  
  29  2:01  Warp Gate (Chrono Boost)  
  29  2:08  Pylon  
  29  2:27  Stalker x2  
  33  2:57  Pylon  
  33  2:58  Pylon  
  33  3:03  Stalker x2  
  36  3:16  Probe  
  35  3:26  Gateway  
  33  3:27  Robotics Facility  
  33  3:45  Probe (Chrono Boost)  
  30  3:56  Probe (Chrono Boost)  
  30  4:01  Sentry x2  
  30  4:02  Pylon  
  35  4:07  Probe (Chrono Boost)  
  36  4:17  Probe (Chrono Boost)  
  36  4:20  Immortal (Chrono Boost)  
  36  4:22  Sentry  
  43  4:32  Probe  
  44  4:43  Nexus  
  44  4:47  Probe  
  45  4:54  Pylon  
  45  4:57  Observer (Chrono Boost)  
  46  5:01  Probe  
  46  5:06  Pylon  
  47  5:13  Probe (Chrono Boost)  
  45  5:25  Probe (Chrono Boost)  
  47  5:35  Probe (Chrono Boost)  
  47  5:42  Phoenix  
  47  5:46  Probe (Chrono Boost)  
  47  5:47  Stalker  
  47  5:48  Stargate  
  50  5:57  Probe (Chrono Boost)  
  51  6:01  Probe (Chrono Boost)  
  51  6:03  Phoenix  
  52  6:07  Probe (Chrono Boost)  
  53  6:11  Probe (Chrono Boost)  
  53  6:18  Probe (Chrono Boost)  
  55  6:22  Probe (Chrono Boost)  
  56  6:28  Probe (Chrono Boost)  
  58  6:33  Probe (Chrono Boost)  
  58  6:37  Immortal, Phoenix  
  58  6:39  Forge, Probe (Chrono Boost)  
  65  6:43  Probe (Chrono Boost)  
  66  6:49  Probe (Chrono Boost)  
  66  6:53  Probe (Chrono Boost)  
  68  6:55  Assimilator, Pylon  
  68  7:00  Probe (Chrono Boost)  
  69  7:02  Phoenix (Chrono Boost)  
  69  7:04  Probe  
  72  7:12  Assimilator  
  72  7:13  Adept x3  
  78  7:24  Phoenix (Chrono Boost)  
  78  7:27  Protoss Ground Weapons Level 1 (Chrono Boost)  
  80  7:31  Probe x2  
  80  7:34  Pylon  
  82  7:38  Twilight Council  
  82  7:44  Immortal  
  86  7:52  Probe x2  
  88  8:05  Pylon  
  88  8:10  Nexus  
  88  8:13  Pylon  
  88  8:14  Resonating Glaives (Chrono Boost)  
  88  8:20  Templar Archives  
  88  8:27  Immortal  
  92  8:42  Gateway  
  92  8:43  Pylon  
  92  8:44  Gateway  
  90  8:57  Gateway  
  90  8:58  Protoss Ground Weapons Level 2  
  90  9:01  High Templar x2  
  90  9:02  Adept  
  96  9:07  Archon  
  96  9:08  Pylon  
  96  9:10  Immortal (Chrono Boost)  
  100  9:22  Adept  
  100  9:23  Probe  
  100  9:24  Probe  
  104  9:27  Probe  
  104  9:29  Pylon  
  105  9:35  High Templar x2  
  105  9:36  Probe x2  
  105  9:37  Probe  
  111  9:41  Archon  
  112  9:48  Probe x2  
  112  9:49  Probe  
  112  9:52  Immortal (Chrono Boost)  
  119  10:02  Adept x4  
  125  10:08  Adept x2  
  125  10:12  Photon Cannon  
  129  10:25  Adept x4  
  128  10:36  Adept x2  
  98  10:50  Adept x3  
  88  11:02  Adept x3  
Show
View Real Time Build Order
Export as new Build Order

Trust Protoss - Winner!

Build Orders:  

Get SALT Encoding   

  12  0:00  Probe (Chrono Boost)  
  13  0:11  Probe (Chrono Boost)  
  14  0:18  Pylon  
  14  0:22  Probe (Chrono Boost)  
  15  0:36  Gateway, Probe (Chrono Boost)  
  15  0:41  Assimilator  
  16  0:46  Probe (Chrono Boost)  
  17  0:52  Assimilator  
  18  0:57  Probe (Chrono Boost)  
  18  1:04  Gateway  
  18  1:07  Probe (Chrono Boost)  
  19  1:18  Probe (Chrono Boost)  
  20  1:23  Cybernetics Core  
  20  1:28  Probe (Chrono Boost)  
  21  1:36  Pylon  
  21  1:39  Probe (Chrono Boost)  
  22  1:50  Probe (Chrono Boost)  
  23  2:00  Adept x2 (Chrono Boost)  
  23  2:01  Warp Gate (Chrono Boost)  
  27  2:14  Robotics Facility  
  27  2:20  Mothership Core (Chrono Boost)  
  29  2:29  Pylon  
  29  2:42  Stalker (Chrono Boost)  
  33  2:51  Stalker (Chrono Boost)  
  33  3:00  Pylon  
  33  3:09  Stalker (Chrono Boost)  
  33  3:11  Probe  
  32  3:27  Robotics Bay  
  32  3:39  Warp Prism (Chrono Boost)  
  30  3:55  Probe  
  31  4:08  Probe  
  32  4:14  Disruptor (Chrono Boost)  
  32  4:15  Gravitic Drive  
  35  4:29  Nexus  
  35  4:33  Probe  
  36  4:40  Stalker  
  38  4:50  Pylon  
  38  4:51  Observer (Chrono Boost)  
  38  4:52  Probe  
  40  5:00  Twilight Council  
  40  5:04  Probe  
  41  5:10  Stalker  
  43  5:16  Probe  
  44  5:29  Probe  
  45  5:36  Immortal (Chrono Boost)  
  45  5:41  Probe  
  50  5:49  Probe  
  50  5:52  Blink (Chrono Boost)  
  50  5:53  Probe  
  52  6:07  Immortal (Chrono Boost)  
  52  6:09  Probe  
  52  6:10  Probe  
  58  6:13  Assimilator  
  58  6:15  Assimilator  
  58  6:23  Gateway  
  58  6:25  Probe x2  
  60  6:37  Probe  
  60  6:39  Gateway  
  61  6:41  Probe  
  62  6:48  Pylon  
  62  6:49  Probe  
  62  6:53  Sentry x2, Probe (Chrono Boost)  
  68  7:01  Probe (Chrono Boost)  
  68  7:02  Pylon  
  68  7:05  Probe (Chrono Boost)  
  70  7:12  Probe (Chrono Boost)  
  71  7:16  Forge, Probe (Chrono Boost)  
  71  7:20  Pylon  
  72  7:23  Probe (Chrono Boost)  
  72  7:26  Probe (Chrono Boost)  
  74  7:31  Stalker x2  
  74  7:33  Probe (Chrono Boost)  
  76  7:37  Probe (Chrono Boost), Pylon  
  76  7:43  Protoss Ground Weapons Level 1  
  78  7:44  Probe (Chrono Boost)  
  78  7:50  Nexus  
  78  7:55  Probe x2 (Chrono Boost)  
  80  8:01  Resonating Glaives (Chrono Boost)  
  80  8:09  Gateway  
  80  8:11  Gateway  
  80  8:13  Gateway  
  80  8:18  Templar Archives  
  80  8:21  Probe  
  80  8:22  Probe  
  82  8:34  Probe x2  
  84  8:41  Gateway  
  84  8:43  Gateway  
  84  8:51  Photon Cannon  
  84  8:55  High Templar x4  
  91  9:00  Archon x2  
  91  9:03  Assimilator  
  91  9:07  Assimilator  
  91  9:11  Pylon  
  91  9:15  High Templar x2, Adept  
  97  9:22  Archon  
  97  9:24  Probe, Pylon  
  97  9:25  Probe x2  
  97  9:26  Pylon  
  100  9:47  High Templar x4  
  100  9:48  Adept  
  100  9:51  Archon  
  100  9:52  Archon, Adept x2  
  114  9:53  Zealot, Adept  
  114  9:57  Pylon  
  118  10:10  Adept  
  118  10:12  Adept x2  
  124  10:15  Pylon  
  124  10:20  Adept x6  
  126  10:37  Adept x3  
  124  10:44  Stalker x6  
  126  10:58  Stalker  
  126  10:59  Stalker x2  

Tags
 
Add a new tag
Caveats
  • Supply blocks, unpowered buildings, or Contaminate may cause inaccurate times.
  • Supply counts are checked every 10 seconds.